 Dungeon Crawl Stone Soup version 0.31-a0-819-gf6de2f5ab6 (webtiles) character file.

Game seed: 3847518029808022639

2084 Shayle the Disciple of Destruction (level 9, -5/96 HPs)
             Began as an Ogre Hexslinger on Sept 23, 2023.
             Was a Follower of Makhleb.
             Slain by Pikel
             ... wielding a +1 whip of electrocution
              (9 damage)
             ... on level 5 of the Dungeon.
             The game lasted 00:14:30 (6438 turns).

Shayle the Disciple of Destruction (OgHs)           Turns: 6438, Time: 00:14:31

Health: -5/96      AC:  3    Str: 12 (14) XL:     9   Next: 27%
Magic:  14/20      EV:  9    Int: 17 (18) God:    Makhleb [*.....]
Gold:   33         SH:  0    Dex:  8 (11) Spells: 14/20 levels left

rFire   . . .        a - +1 sling
rCold   . . .        (no shield)
rNeg    . . .        c - +0 robe
rPois   .            (helmet restricted)
rElec   .            (no cloak)
rCorr   .            (gloves unavailable)
SInv    .            (boots unavailable)
Will    .....        (no amulet)
Stlth   +            (no ring)
HPRegen 0.36/turn    (no ring)
MPRegen 0.17/turn

%: no passive effects
@: no status effects
A: large, unfitting armour, tough skin 1, horns 1, high MP 1
a: Renounce Religion


You were on level 5 of the Dungeon.
You worshipped Makhleb.
Makhleb was aware of your devotion.
You visited 2 branches of the dungeon, and saw 7 of its levels.

You collected 289 gold pieces.
You spent 256 gold pieces at shops.

Inventory:

Hand Weapons
 a - a +1 sling (weapon)
 k - a +2 whip of draining
Armour
 c - a +0 robe (worn)
Wands
 o - a wand of flame (10)
Scrolls
 b - 2 scrolls of poison
 d - 5 scrolls of identify
 e - 2 scrolls of vulnerability {unknown}
 h - a scroll of enchant weapon {unknown}
 i - 2 scrolls of teleportation
 l - a scroll of noise {unknown}
 n - a scroll of fear {unknown}
 p - a scroll of revelation {unknown}
 r - a scroll of blinking {unknown}
Potions
 f - a potion of mutation
 j - a potion of magic
 m - a potion of curing


   Skills:
 + Level 8.1 Fighting
 - Level 1.3 Ranged Weapons
 - Level 1.7 Dodging
 - Level 6.3 Spellcasting
 - Level 2.6 Hexes
 - Level 2.8 Fire Magic
 + Level 1.6 Poison Magic
 * Level 8.1 Invocations


You had 14 spell levels left.
You knew the following spells:

 Your Spells              Type           Power      Damage    Failure   Level
a - Scorch                Fire           28%        2d6       6%          2
b - Olgreb's Toxic Radia  Pois           11%        N/A       54%         4

Your spell library contained the following spells:

 Spells                   Type           Power      Damage    Failure   Level
 Jinxbite                 Hex            28%        N/A       6%          2
 Sting                    Tmut/Pois      32%        1d4       9%          1
 Inner Flame              Hex/Fire       14%        N/A       12%         3
 Sigil of Binding         Hex            14%        N/A       12%         3
 Poisonous Vapours        Pois/Air       16%        N/A       14%         2
 Summon Guardian Golem    Hex/Summ       9%         N/A       22%         3
 Cause Fear               Hex            7%         N/A       38%         4
 Dimensional Bullseye     Hex/Tloc       4%         N/A       56%         4
 Flame Wave               Conj/Fire      10%        2d6       56%         4
 Summon Forest            Summ/Tloc      2%         N/A       98%         5
 Eringya's Noxious Bog    Tmut/Pois      4%         4d6       100%        6
 Summon Cactus Giant      Summ           2%         N/A       100%        6
 Orb of Destruction       Conj           2%         9d5       100%        7
 Spellforged Servitor     Conj/Summ      2%         N/A       100%        7
 Summon Hydra             Summ           2%         N/A       100%        7


Dungeon Overview and Level Annotations

Branches:
Dungeon (6/15)             Temple (1/1) D:5

Altars:
Cheibriados
Dithmenos
Elyvilon
Fedhas
Gozag
Makhleb
Nemelex Xobeh
Okawaru
Qazlal
Ru
Sif Muna
Trog
Wu Jian
Zin
The Shining One

Shops:
D:1 !   D:3 *

Annotations:
D:2 1 runed translucent door, Crazy Yiuf
D:5 Pikel


Innate Abilities, Weirdness & Mutations

You are too large for most types of armour.
You have tough skin. (AC +1)
You have a pair of small horns on your head.
You have an increased reservoir of magic. (+10% MP)


Message History

Pikel says, "Hell isn't that bad."
Pikel zaps a wand.
The mass of ice explodes!
The iceblast engulfs you!
A lemure comes into view. x2
Pikel zaps a wand.
The mass of ice explodes!
The iceblast engulfs you!
The lemure shouts!
You hear a bellow! x2
Unknown command.
Casting: Scorch (safe; 6% risk of failure)
Confirm with . or Enter, or press ? or * to list all spells.
Flames lash Pikel.
Pikel is lightly wounded.
Pikel's fire resistance burns away.
Pikel hits you with a +1 whip of electrocution!
You are electrocuted!
Okay, then.
Okay, then.
Casting: Scorch (safe; 6% risk of failure)
Confirm with . or Enter, or press ? or * to list all spells.
Flames lash Pikel.
Pikel is burned terribly!
Pikel is lightly wounded.
The lemure hits you.
* * * LOW HITPOINT WARNING * * *
Pikel hits you with a +1 whip of electrocution.
* * * LOW HITPOINT WARNING * * *
You feel much better. The lemure hits you.
Pikel hits you with a +1 whip of electrocution!
Casting: Scorch (safe; 6% risk of failure)
Confirm with . or Enter, or press ? or * to list all spells.
Flames lash the lemure.
The lemure is moderately wounded.
The lemure's fire resistance burns away.
Pikel hits you with a +1 whip of electrocution.
You are electrocuted!
* * * LOW HITPOINT WARNING * * *
The lemure attacks as it pursues you! The lemure hits you but does no damage.
Pikel attacks as he pursues you!
Pikel hits you with a +1 whip of electrocution!
* * * LOW HITPOINT WARNING * * *
You are electrocuted!
You die...
Pikel says, "Another soul for the market."

...# ......#.###<....##
...# ........##...#.....
....................###..
##.........#...##...###..
.##........#.........#...
.. ##.###.)..............
.># ..###.....##.##......
## !..(##.####..#.......
#..........@55......
##...##....5K)......
#.....##............
##...............#...
#.............#### #.
##.....#.......#
###..<#.[.#..###
##..)#........#
#.............#


You could see Pikel (combustible) and 3 lemures.

Vanquished Creatures
  Grinder (D:5)
  Prince Ribbit (D:5)
  2 yaks
  A water moccasin (D:5)
  2 ice beasts
  A black bear (D:4)
  An ogre (D:4)
  A phantom (D:5)
  A kobold brigand (D:4)
  3 scorpions (D:5)
  A wight (D:5)
  3 orc priests
  A gnoll bouda (D:5)
  A hound (D:5)
  Jessica (D:2)
  2 iguanas
  Natasha (thrice) (D:2)
  4 orc wizards
  7 adders
  A shadow imp (D:5)
  An ufetubus (D:4)
  4 worms
  4 dart slugs
  12 orcs
  10 ball pythons
  5 endoplasms
  A giant cockroach (D:1)
  6 hobgoblins
  5 quokkas
  6 bats
  3 frilled lizards
  7 goblins
  4 kobolds
  4 rats
110 creatures vanquished.

Vanquished Creatures (others)
  A lemure (D:5)
  A hound (D:5)
  An iguana (D:5)
3 creatures vanquished.

Grand Total: 113 creatures vanquished

Notes
Turn   | Place    | Note
-------+----------+-------------------------------------------
     0 | D:1      | Shayle the Ogre Hexslinger began the quest for the Orb.
     0 | D:1      | Reached XP level 1. HP: 19/19 MP: 2/2
     6 | D:1      | Noticed a water moccasin
     6 | D:1      | Noticed a snapping turtle
     7 | D:1      | Noticed a black bear
     7 | D:1      | Noticed a swamp drake
   163 | D:1      | Reached skill level 1 in Fire Magic
   226 | D:1      | Reached XP level 2. HP: 22/28 MP: 2/4
   418 | D:1      | Found Cyunod's Distillery.
   431 | D:1      | Bought a potion of curing for 42 gold pieces
   735 | D:1      | Reached XP level 3. HP: 36/36 MP: 6/6
   985 | D:2      | Noticed Natasha
   993 | D:2      | Killed Natasha
  1027 | D:2      | Found a runed translucent door.
  1028 | D:2      | Noticed Crazy Yiuf
  1147 | D:2      | Reached XP level 4. HP: 45/45 MP: 7/7
  1286 | D:2      | Noticed Jessica
  1297 | D:2      | Killed Jessica
  1318 | D:2      | Noticed Natasha
  1329 | D:2      | Killed Natasha
  1330 | D:2      | Reached XP level 5. HP: 31/54 MP: 9/9
  1933 | D:2      | Noticed Natasha
  1941 | D:2      | Killed Natasha
  2140 | D:3      | Found Himir's Assorted Antiques.
  2147 | D:3      | Bought a twisted silver wand for 68 gold pieces
  2147 | D:3      | Bought a scroll labelled ANGIORR KEELOH for 17 gold pieces
  2147 | D:3      | Bought a scroll labelled GOKLUT VIPN for 17 gold pieces
  2184 | D:3      | Learned a level 2 spell: Scorch
  2224 | D:3      | Found a shimmering blue altar of Sif Muna.
  2231 | D:3      | Found a burning altar of Makhleb.
  2232 | D:3      | Found an opulent altar of Gozag.
  2235 | D:3      | Found a glowing silver altar of Zin.
  2285 | D:3      | Became a worshipper of Makhleb the Destroyer
  2452 | D:3      | Reached skill level 1 in Invocations
  2452 | D:3      | Reached XP level 6. HP: 29/63 MP: 11/11
  2598 | D:3      | Found a shadowy altar of Dithmenos.
  2773 | D:3      | Found an ornate altar of the Wu Jian Council.
  2996 | D:3      | Found a sparkling altar of Nemelex Xobeh.
  3853 | D:4      | Reached skill level 5 in Fighting
  4161 | D:5      | Entered Level 5 of the Dungeon
  4207 | D:4      | Reached XP level 7. HP: 68/72 MP: 4/13
  4493 | D:5      | Reached * piety under Makhleb
  4756 | D:4      | Reached skill level 5 in Spellcasting
  4756 | D:4      | Reached skill level 5 in Invocations
  4828 | D:5      | Reached XP level 8. HP: 75/83 MP: 8/15
  4982 | D:5      | Noticed a yak
  4984 | D:5      | Noticed a yak
  5002 | D:4      | Killed a yak
  5102 | D:5      | Killed a yak
  5314 | D:5      | Noticed Grinder
  5320 | D:5      | Killed Grinder
  5701 | D:5      | Reached XP level 9. HP: 84/93 MP: 9/18
  5706 | D:5      | Learned a level 4 spell: Olgreb's Toxic Radiance
  5809 | D:5      | Gained mutation: You have a pair of small horns on your
                  | head. [potion of mutation]
  5809 | D:5      | Gained mutation: You have an increased reservoir of magic.
                  | (+10% MP) [potion of mutation]
  5833 | D:5      | Reached skill level 1 in Poison Magic
  6047 | D:5      | Noticed Prince Ribbit
  6062 | D:5      | Killed Prince Ribbit
  6108 | D:5      | Found a staircase to the Ecumenical Temple.
  6117 | Temple   | Entered the Ecumenical Temple
  6256 | D:1      | Bought a potion of heal wounds for 70 gold pieces
  6256 | D:1      | Bought a potion of curing for 42 gold pieces
  6429 | D:5      | Noticed Pikel
  6438 | D:5      | HP: 4/96 [Pikel/+1 whip of electrocution (12)]
  6438 | D:5      | Slain by Pikel

Illustrated notes

Levels and vault maps discovered:
D:1:      onia_arrival_zoo_common, layout_loops_corners, serial_shops,
          nicolae_shop_just_a_little_nook
D:2:      layout_loops_ring, grunt_ministairs_14, uniq_natasha, uniq_jessica,
          uniq_crazy_yiuf_cottage
D:3:      layout_rooms, mainiacjoe_overflow_surrounded_room, minitemple,
          pdpol_wu_jian_five_deadly_venoms,
          nicolae_dithmenos_through_a_glass_darkly, serial_shops,
          nicolae_diamond_shop, nicolae_underground_beach
D:4:      layout_rooms
D:5:      layout_cave_pools, nicolae_hepliaklqana_monster_ancestors,
          xom_confusion_cloud, minmay_temple_entry_tees, grunt_ministairs_6,
          uniq_prince_ribbit1, uniq_pikel, uniq_ijyb, uniq_grinder
D:6:      layout_loops_corners, lightli_church_of_beogh, uniq_blork_the_orc
Temple:   nicolae_temple_superstar

Skill      XL: |  1  2  3  4  5  6  7  8  9 |
---------------+----------------------------+-----
Fire Magic     | 1 2 |  2.8
Fighting       | 2 3 4 5 6 7 8 |  8.1
Spellcasting   | 2 3 4 5 6 |  6.3
Invocations    | 1 3 5 7 8 |  8.1
Poison Magic   | 1 |  1.6
Ranged Weapons | |  1.3
Dodging        | |  1.7
Hexes          | |  2.6

Action                     |  1- 3 |  4- 6 |  7- 9 || total
---------------------------+-------+-------+-------++-------
  Melee: Sling             |       |     2 |     3 ||     5
   Fire: Sling             |    88 |   215 |    20 ||   323
   Cast: Scorch            |       |    25 |    90 ||   115
    Use: Potion            |       |     1 |     9 ||    10
         Scroll            |       |       |     2 ||     2
 Armour: Robe              |    23 |   106 |   102 ||   231
         Skin              |       |       |    12 ||    12
  Dodge: Dodged            |    25 |    56 |    51 ||   132

Table legend: (Time is in decaauts)
 A = Elapsed time spent in this place.
 B = Non-inter-level travel time spent in this place.
 C = Inter-level travel time spent in this place.
 D = Time resting spent in this place.
 E = Time spent auto-exploring this place.
 F = Levels seen in this place.
 G = Mean time per level.
                   A        B        C        D        E       F      G
               +--------+--------+--------+--------+--------+-----+--------+
         Total |   6548 |   6217 |    331 |   1751 |   3350 |   7 |  935.4 |
       Dungeon |   6547 |   6216 |    331 |   1751 |   3350 |   6 | 1091.2 |
        Temple |      1 |      1 |      0 |      0 |      0 |   1 |    1.0 |
               +--------+--------+--------+--------+--------+-----+--------+

Top non-repeatable levels by time:
     D:4: 1606 daAuts
     D:3: 1309 daAuts
     D:2: 1244 daAuts
     D:5: 1118 daAuts
     D:1: 1040 daAuts
     D:6: 226 daAuts
  Temple: 1 daAuts
